 Dungeon Crawl Stone Soup version 0.18.1-8-gdd0e5ea (webtiles) character file.

96 deorigin the Changer (level 4, 0/32 HPs)
             Began as a Merfolk Transmuter on May 26, 2016.
             Slain by a giant gecko (2 damage)
             ... on level 3 of the Dungeon.
             The game lasted 00:06:09 (2633 turns).

deorigin the Changer (Merfolk Transmuter)           Turns: 2633, Time: 00:06:10

Health: 0/32       AC:  2    Str: 10    XL:     4   Next: 67%
Magic:  7/7        EV: 16    Int: 13    God:
Gold:   97         SH:  0    Dex: 14    Spells: 3 memorised, 1 level left

rFire  + . .     SeeInvis .       - Unarmed
rCold  + . .     Gourm    .     b - +0 robe
rNeg   + + .     Faith    .     (no shield)
rPois  +         Spirit   .     (no helmet)
rElec  +         Dismiss  .     (no cloak)
rCorr  +         Reflect  .     (no gloves)
SustAt .         Harm     .     (boots currently unavailable)
MR     .....                    (no amulet)
Stlth  ++........               u - ring of positive energy
                                k - ring of positive energy

@: lethally poisoned (0 -> -10), appendage (expiring), resistant, very quick,
not resistant to hostile enchantments, unstealthy
A: change form in water, swift swim, horns 2
a: End Transformation


You were on level 3 of the Dungeon.
You were not hungry.
You had grown temporary horns.
You visited 1 branch of the dungeon, and saw 3 of its levels.

You collected 97 gold pieces.

Inventory:

Missiles
 a - 12 arrows
Armour
 b - a +0 robe (worn)
 o - a +0 scale mail
 s - a +0 ring mail
 v - a +0 leather armour
 y - a +0 ring mail
Magical Staves
 w - an uncursed staff of energy
Jewellery
 k - a ring of positive energy (left hand)
 u - a ring of positive energy (right hand)
Scrolls
 h - 2 scrolls of teleportation {unknown}
 i - a scroll of enchant armour {unknown}
 l - 2 scrolls of enchant weapon {unknown}
 m - a scroll of identify {unknown}
 p - a scroll of magic mapping {unknown}
 x - a scroll of remove curse {unknown}
Potions
 f - a potion of degeneration {unknown}
 g - 2 potions of cure mutation
 n - a potion of heal wounds {unknown}
 q - a potion of lignification {unknown}
 r - a potion of might {unknown}
Books
 c - a book of Changes

   Spells                             Type                      Level
   a - Beastly Appendage              Transmutation                1
   b - Sticks to Snakes               Transmutation                2
   c - Spider Form                    Transmutation/Poison         3
   d - Ice Form                       Ice/Transmutation            4
   e - Blade Hands                    Transmutation                5
Comestibles
 d - a bread ration
 j - a beef jerky
 t - 5 fruits
 z - a royal jelly


   Skills:
 - Level 1.1 Fighting
 - Level 2.6 Dodging
 - Level 3.2 Unarmed Combat
 - Level 2.0 Spellcasting
 + Level 5.5 Transmutations
 * Level 2.0 Poison Magic


You had one spell level left.
You knew the following spells:

 Your Spells              Type           Power        Failure   Level  Hunger
a - Beastly Appendage     Trmt           ###...       2%          1    ##.....
b - Sticks to Snakes      Trmt           ###.....     4%          2    ###....
c - Spider Form           Trmt/Pois      ##........   17%         3    ####...


Dungeon Overview and Level Annotations

Branches:
Dungeon (3/15)

Altars:
Cheibriados
Ru


Innate Abilities, Weirdness & Mutations

You revert to your normal form in water.
You are very nimble and swift while swimming.
You have a pair of horns on your head.


Message History

The stone misses the giant gecko.
Drink which item? (? for menu, Esc to quit)
It was a potion of cure mutation.
It has a very clean taste.
The giant gecko misses you.
The kobold throws a stone.
The stone hits you but does no damage.
You hear a splash.
The adder closely misses you.
The kobold splashes around in the water.
The kobold throws a stone.
The stone hits you but does no damage.
You hear a splash.
Drink which item? (? for menu, Esc to quit)
It was a potion of resistance.
You feel protected.
* * * LOW HITPOINT WARNING * * *
You feel sick.
The kobold throws a stone.
The stone barely misses you.
You hear a splash.
The adder bites you.
* * * LOW HITPOINT WARNING * * *
The giant gecko bites you.
You die...

###.############.#
#.........# #.#
##.#(#####.# #+#
####..#(#####.##.
.......((........
........(....(...
≈≈......KKK(≈.≈..≈
≈≈.....KKSl≈≈≈≈≈≈≈
≈.....rK†@≈≈≈≈(≈≈≈
≈....≈K≈≈≈(≈≈≈≈≈≈
##''#############
... K.


You could see an adder, a giant gecko, 7 kobolds and a rat.

Vanquished Creatures
  3 adders
  2 oozes
  3 dart slugs
  3 giant geckos (D:2)
  A ball python (D:1)
  9 bats
  8 hobgoblins
  3 jackals (D:1)
  4 kobolds
  4 giant newts
  6 goblins
  4 rats
50 creatures vanquished.

Notes
Turn   | Place    | Note
--------------------------------------------------------------
     0 | D:1      | deorigin the Merfolk Transmuter began the quest for the Orb.
     0 | D:1      | Reached XP level 1. HP: 15/15 MP: 3/3
    26 | D:1      | Reached skill level 3 in Transmutations
   294 | D:1      | Reached XP level 2. HP: 21/21 MP: 3/5
   370 | D:1      | Reached skill level 4 in Transmutations
   600 | D:1      | Reached XP level 3. HP: 16/26 MP: 6/6
   726 | D:1      | Learned a level 2 spell: Sticks to Snakes
   730 | D:1      | Learned a level 3 spell: Spider Form
  1542 | D:2      | Reached skill level 5 in Transmutations
  1545 | D:2      | Found a faded altar to an unknown god.
  1612 | D:2      | Reached skill level 1 in Poison Magic
  1671 | D:2      | Reached XP level 4. HP: 31/32 MP: 5/7
  2387 | D:2      | Found a sacrificial altar of Ru.
  2387 | D:2      | Found a snail-covered altar of Cheibriados.
  2633 | D:3      | Slain by a giant gecko

Skill      XL: |  1  2  3  4 |
---------------+-------------+-----
Transmutations | 3 4 5 |  5.5
Poison Magic   | 1 2 |  2.0
Fighting       | |  1.1
Dodging        | |  2.6
Unarmed Combat | |  3.2
Spellcasting   | |  2.0

Action                   |  1- 3 |  4- 6 || total
-------------------------+-------+-------++-------
Melee: Unarmed           |   138 |    48 ||   186
       Headbutt          |     8 |     5 ||    13
       Tailslap          |       |     2 ||     2
 Cast: Beastly Appendage |    15 |     5 ||    20
  Use: Potion            |       |     2 ||     2
 Stab: Sleeping          |     1 |     1 ||     2
  Eat: Chunk             |     2 |     4 ||     6
Armor: Robe              |    32 |    12 ||    44
Dodge: Dodged            |   112 |    83 ||   195
